AoeStats
← 彬彬有礼

Black Forest

510053059Analyzed
3v3 RM · 1d ago on Sep 29, 2026· 44m 28s· 6 players
Game mode
Random Map
Map size
Normal (6 player)
Population
200
Speed
Normal
Resources
Standard
Victory
Conquest
Starting age
Dark Age
Ending age
Imperial Age
RankedLock teamsTeams togetherTeam positionsShared explorationLock speedFull tech treeHidden civsTurbo modeCheats
Victory
Defeat
🇨🇦 Romans · Canada
935
+15
🇳🇱 Japanese · Netherlands
931
+15
🇹🇼 Franks · Taiwan
876
+16
🇭🇰 Persians · Hong Kong SAR China
923
-16
🇨🇳 Persians · China
896
-15
🇨🇳 Franks · China
896
-15
Kirito Wizard
0:26 Loom
12:47 Feudal Age
17:57 Castle Age
16:22 Double-Bit Axe
16:21 Horse Collar
16:51 Gold Mining
17:26 Stone Mining
19:02 Bow Saw
21:11 Scale Mail Armor
21:22 Forging
23:12 Town Watch
24:40 Man-at-Arms
25:21 Squires
26:49 Heavy Plow
27:08 Chain Mail Armor
27:41 Pikeman
27:42 Long Swordsman
29:25 Redemption
30:48 Gold Shaft Mining
31:42 Caravan
34:32 Iron Casting
34:06 Ballistas
38:34 Imperial Age
36:42 Wheelbarrow
37:06 Fletching
38:12 Fortified Wall
38:25 Ballistics
38:11 Murder Holes
38:59 Scale Barding Armor
38:38 Onager
38:53 Capped Ram
39:16 Heavy Scorpion
40:16 Hand Cart
39:54 Halberdier
42:30 Siege Ram
42:37 Legionary
@_@
9:17 Loom
9:26 Loom
11:57 Feudal Age
16:50 Castle Age
15:03 Double-Bit Axe
17:18 Wheelbarrow
21:35 Town Watch
22:57 Gold Mining
25:27 Husbandry
25:00 Pikeman
28:52 Scale Barding Armor
30:36 Hand Cart
31:17 Gold Shaft Mining
30:33 Stone Mining
31:46 Chain Barding Armor
31:36 Forging
36:05 Imperial Age
34:41 Town Patrol
35:41 Iron Casting
35:31 Ballistics
36:11 Cavalier
37:13 Conscription
36:54 Chivalry
38:06 Plate Barding Armor
38:31 Blast Furnace
37:51 Paladin
42:15 Chemistry
41:27 Masonry
42:29 Fletching
sfdejonge
0:28 Loom
13:51 Feudal Age
19:08 Castle Age
17:10 Scale Mail Armor
17:05 Double-Bit Axe
17:17 Fletching
20:58 Wheelbarrow
20:37 Forging
20:47 Horse Collar
27:34 Yasama
34:27 Imperial Age
32:29 Hand Cart
32:35 Gold Mining
33:01 Bow Saw
32:31 Pikeman
34:39 Squires
34:41 Stone Mining
37:14 Iron Casting
36:55 Chain Mail Armor
37:16 Gold Shaft Mining
40:49 Bodkin Arrow
41:16 Halberdier
42:52 Guard Tower
43:13 Masonry
42:32 Halberdier
43:33 Arson
45:24 Two-Man Saw
44:28 Heavy Plow
45:30 Blast Furnace
彬彬有礼
0:29 Loom
13:01 Feudal Age
17:30 Castle Age
15:34 Double-Bit Axe
17:14 Wheelbarrow
18:30 Bow Saw
28:45 Hand Cart
33:26 Imperial Age
30:59 Gold Mining
30:59 Stone Mining
32:23 Husbandry
31:46 Ordonnance Companies
35:13 Gold Shaft Mining
35:42 Squires
35:02 Pikeman
35:29 Arson
35:33 Cavalier
38:04 Paladin
38:13 Heavy Scorpion
39:00 Scale Barding Armor
39:06 Forging
40:05 Chain Barding Armor
42:35 Chemistry
41:57 Ballistics
41:17 Treadmill Crane
41:48 Masonry
42:17 Plate Barding Armor
42:18 Iron Casting
旺旺
17:43 Feudal Age
27:49 Castle Age
45:14 Imperial Age
Ming
0:27 Loom
11:48 Feudal Age
20:15 Castle Age
19:01 Horse Collar
19:10 Double-Bit Axe
20:17 Stone Mining
20:21 Gold Mining
20:53 Bow Saw
26:52 Gold Shaft Mining
30:39 Imperial Age
33:17 Scale Barding Armor
33:24 Forging
34:40 Conscription
37:14 Wheelbarrow
39:12 Stone Shaft Mining
41:34 Pikeman
Connection lost

Rejoining the realm…

Still unreachable

The connection could not be restored.

Session expired

The server has moved on; the page needs a fresh start.